 Dungeon Crawl Stone Soup version 0.23.0-42-geed6394 (webtiles) character file.

Game seed: 0

16147 Lanoc the Cleaver (level 12, -28/95 HPs)
             Began as a Formicid Fighter on Feb 28, 2019.
             Was a High Priest of Uskayaw.
             Annihilated by an ettin
             ... wielding a +0 dire flail
              (39 damage)
             ... on level 13 of the Dungeon on Mar 1, 2019.
             The game lasted 00:20:46 (11523 turns).

Lanoc the Cleaver (Formicid Fighter)               Turns: 11523, Time: 00:20:47

Health: -28/95     AC:  9    Str: 22    XL:     12   Next: 66%
Magic:  18/18      EV: 14    Int: 13    God:    Uskayaw [*****.]
Gold:   507        SH: 14    Dex: 14    Spells: 11/11 levels left

rFire    . . .     SeeInvis +   F - +8 battleaxe "Veshodis" {flame, rPois}
rCold    + . .     Gourm    .   s - +2 shield
rNeg     . . .     Faith    +   b - +0 scale mail
rPois    +         Spirit   .   (helmet unavailable)
rElec    .         Reflect  .   c - +0 cloak
rCorr    .         Harm     .   (no gloves)
MR       +....                  (no boots)
Stlth    ..........             C - amulet of faith
HPRegen  0.25/turn              y - ring of flight
MPRegen  0.16/turn              B - ring of protection from cold

@: brilliant
A: permanent stasis, dig shafts and tunnels, four strong arms, antennae 3,
talons 1, poison resistance
a: Dig, Shaft Self, Stomp, Line Pass, Grand Finale, Renounce Religion, Evoke
Flight


You were on level 13 of the Dungeon.
You worshipped Uskayaw.
Uskayaw was aware of your devotion.
You were not hungry.

You visited 2 branches of the dungeon, and saw 14 of its levels.

You collected 507 gold pieces.

Inventory:

Hand Weapons
 F - the +8 battleaxe "Veshodis" (weapon) {flame, rPois}
   (You acquired it on level 11 of the Dungeon)

   It has been specially enchanted to burn those struck by it, causing extra
   injury to most foes and up to half again as much damage against particularly
   susceptible opponents.
   Big, fiery blades are also staple armaments of hydra-hunters.
   It protects you from poison.
Armour
 b - a +0 scale mail (worn)
 c - a +0 cloak (worn)
 s - a +2 shield (worn)
Jewellery
 y - a ring of flight (left hand)
 B - a ring of protection from cold (right hand)
 C - an amulet of faith (around neck)
 I - an uncursed ring of wizardry
Wands
 a - a wand of disintegration (5)
 p - a wand of acid (13)
 w - a wand of paralysis (5)
 A - a wand of digging (5)
Scrolls
 g - a scroll of magic mapping {unknown}
 h - 6 scrolls of teleportation {unknown}
 i - 3 scrolls of random uselessness {unknown}
 j - 7 scrolls of remove curse
 l - 4 scrolls of amnesia {unknown}
 m - 4 scrolls of immolation {unknown}
 o - a scroll of silence {unknown}
 t - a scroll of enchant weapon {unknown}
 u - a scroll of fog {unknown}
 D - a scroll of brand weapon {unknown}
 E - a scroll of fear {unknown}
 G - 3 scrolls of identify
Potions
 e - 2 potions of magic
 k - 3 potions of lignification
 n - a potion of cancellation
 r - 2 potions of flight
 v - a potion of ambrosia
 x - a potion of curing
 z - 3 potions of resistance
Miscellaneous
 J - a fan of gales
Comestibles
 f - 24 rations


   Skills:
 + Level 9.0 Fighting
 * Level 10.9 Axes
 + Level 9.0 Armour
 + Level 6.8 Dodging
 + Level 9.9 Shields
 + Level 8.4 Invocations


You had 11 spell levels left.
You didn't know any spells.
Your spell library contained the following spells:

 Spells                   Type           Power        Failure   Level  Hunger
 Animate Skeleton         Necr           N/A          8%          1    ##.....
 Flame Tongue             Conj/Fire      #....        8%          1    ##.....
 Infusion                 Chrm           #...         8%          1    ##.....
 Pain                     Necr           #...         8%          1    ##.....
 Shroud of Golubria       Chrm/Tloc      #.........   12%         2    ###....
 Song of Slaying          Chrm           #.......     12%         2    ###....
 Throw Flame              Conj/Fire      #.....       12%         2    ###....
 Conjure Flame            Conj/Fire      #.......     22%         3    ####...
 Inner Flame              Hex/Fire       #.......     22%         3    ####...
 Regeneration             Chrm/Necr      #.........   22%         3    ####...
 Spectral Weapon          Hex/Chrm       #.......     22%         3    ####...
 Vampiric Draining        Necr           #.........   22%         3    ####...
 Animate Dead             Necr           N/A          52%         4    #####..
 Sticky Flame             Conj/Fire      #.......     52%         4    #####..
 Fireball                 Conj/Fire      #.........   82%         5    ######.


Dungeon Overview and Level Annotations

Branches:
Dungeon (13/15)            Temple (1/1) D:4            Lair (0/6) D:10
    Orc (0/2) D:11
 Vaults: D:13-14

Altars:
Ashenzari
Cheibriados
Dithmenos
Elyvilon
Fedhas
Gozag
Hepliaklqana
Kikubaaqudgha
Makhleb
Nemelex Xobeh
Okawaru
Qazlal
Ru
Sif Muna
Trog
Uskayaw
Vehumet
Wu Jian
Xom
Yredelemnul
Zin
The Shining One

Shops:
D:7 =   D:8 %


Innate Abilities, Weirdness & Mutations

You cannot be hasted, slowed, berserked, paralysed or teleported.
You can dig through walls and to a lower floor.
Your four strong arms can wield two-handed weapons with a shield.
You have a pair of large antennae on your head. (SInv)
You have sharp toenails.
Your system is resistant to poisons. (rPois)


Message History

Okay, then.
You feel much better.
The ettin is no longer sharing its pain.
You block the ettin's attack. x2
The fire dragon bites you but does no damage.
The fire dragon claws you.
* * * LOW HITPOINT WARNING * * *
The fire dragon tramples you.
* * * LOW HITPOINT WARNING * * *
You hold your ground!
You completely miss the fire dragon. You claw the fire dragon.
The fire dragon is lightly wounded.
You hit the ettin but do no damage. You block the ettin's attack.
The ettin hits you but does no damage. The fire dragon bites you!
* * * LOW HITPOINT WARNING * * *
You block the fire dragon's attack. The fire dragon misses you.
It was a potion of brilliance.
You feel clever all of a sudden.
The ettin hits you with a +0 dire flail!!!
You die...

..##....#..........####
.##.##....##.#.##.......
..##.#.....#.......#.###
...#.#.........###......
.............######.#.#.
...#.#........##........
...#.##.................
...##.##.###............
....##C@...##...........
...yY###D##.##..........
....ocYYu.##.#..........
).).YoYoC..#.#..........
.}.....oY...............
:).........#.#..........
........%.##.#........#.
.....###.##.##..####..#.
... #....


You could see a fire dragon, a green ugly thing, an ettin, a centaur warrior, a
cyclops, 6 yaks, a hornet, an orc warrior and 3 orcs.

Vanquished Creatures
  Harold (D:8)
  2 hydras
  A centaur warrior (D:13)
  A two-headed ogre (D:10)
  A tengu warrior (D:13)
  Urug (D:10)
  Pikel (D:8)
  A manticore (D:11)
  3 ugly things
  A cyclops (D:7)
  A kobold demonologist (D:8)
  The ghost of Wobbly the Poker, a novice OpAK of Lugonu (D:6)
  A komodo dragon (D:12)
  2 hornets (D:12)
  2 dream sheep (D:8)
  2 hippogriffs
  A wyvern (D:11)
  5 yaks
  A basilisk (D:13)
  2 vampire mosquitoes (D:11)
  A hungry ghost (D:11)
  An acid dragon (D:11)
  A water moccasin (D:6)
  A soldier ant (D:11)
  A floating eye (shapeshifter) (D:13)
  6 orc warriors
  2 hornet zombies
  2 eyes of draining
  2 ice beasts
  3 ogres
  4 sky beasts
  A slave (D:8)
  3 necrophages
  A phantom (D:6)
  9 centaurs
  5 big kobolds
  7 bullfrogs
  A wyvern skeleton (D:12)
  9 wights
  A howler monkey (D:12)
  2 bullfrog zombies
  6 crimson imps
  2 bullfrog skeletons
  4 hounds
  3 orc priests (D:12)
  3 centaur skeletons
  7 orc wizards
  Jessica (D:2)
  Natasha (thrice) (D:3)
  Terence (D:3)
  5 iguanas
  8 worker ants
  A hound skeleton (D:7)
  A hound zombie (D:5)
  Robin (D:2)
  13 adders
  4 gnolls (D:8)
  A shadow imp (D:8)
  An ooze (D:1)
  2 adder zombies
  A worm (D:2)
  6 leopard geckos
  44 orcs
  4 bats
  A bat zombie (D:6)
  2 giant cockroaches
  14 hobgoblins
  9 jackals
  18 kobolds
  7 quokkas
  A ball python (D:4)
  5 frilled lizards
  14 goblins
  A leopard gecko zombie (D:5)
  A quokka skeleton (D:5)
  5 rats
294 creatures vanquished.

Vanquished Creatures (others)
  2 slaves (D:8)
  An ogre (D:8)
  An orc (D:8)
  A giant cockroach (D:8)
5 creatures vanquished.

Grand Total: 299 creatures vanquished

Notes
Turn   | Place    | Note
-------+----------+-------------------------------------------
     0 | D:1      | Lanoc the Formicid Fighter began the quest for the Orb.
     0 | D:1      | Reached XP level 1. HP: 18/18 MP: 1/1
   142 | D:1      | Reached XP level 2. HP: 21/24 MP: 2/2
   350 | D:1      | Reached XP level 3. HP: 17/29 MP: 3/3
   661 | D:2      | Noticed Robin
   684 | D:2      | Killed Robin
   946 | D:2      | Reached XP level 4. HP: 32/37 MP: 4/4
  1001 | D:2      | Reached skill level 1 in Dodging
  1044 | D:2      | Reached skill level 3 in Axes
  1142 | D:2      | Noticed Jessica
  1147 | D:2      | Killed Jessica
  1147 | D:2      | Reached XP level 5. HP: 42/42 MP: 5/5
  1576 | D:3      | Found a shadowy altar of Dithmenos.
  1581 | D:3      | Noticed Natasha
  1587 | D:3      | Killed Natasha
  1588 | D:3      | Noticed Terence
  1607 | D:3      | Killed Terence
  1607 | D:3      | Reached XP level 6. HP: 24/48 MP: 6/6
  1762 | D:3      | Found a glowing golden altar of the Shining One.
  1884 | D:3      | Noticed Natasha
  1886 | D:3      | Killed Natasha
  1927 | D:3      | Noticed Natasha
  1937 | D:3      | Killed Natasha
  1937 | D:3      | Reached skill level 4 in Axes
  2249 | D:4      | Found a staircase to the Ecumenical Temple.
  2266 | Temple   | Entered the Ecumenical Temple
  2515 | Temple   | Became a worshipper of Uskayaw the Reveler
  2648 | D:4      | Reached * piety under Uskayaw
  3042 | D:4      | Reached ** piety under Uskayaw
  3123 | D:4      | Found a shimmering altar of Xom.
  3274 | D:5      | Entered Level 5 of the Dungeon
  3290 | D:5      | Reached XP level 7. HP: 42/55 MP: 7/7
  3290 | D:5      | Reached *** piety under Uskayaw
  3363 | D:5      | Reached skill level 5 in Shields
  3363 | D:5      | Reached skill level 1 in Invocations
  4206 | D:5      | Reached **** piety under Uskayaw
  4248 | D:5      | Reached skill level 5 in Axes
  4248 | D:5      | Reached XP level 8. HP: 58/61 MP: 9/9
  4380 | D:5      | Reached skill level 5 in Fighting
  4413 | D:5      | Reached skill level 5 in Armour
  5138 | D:6      | Found an ancient bone altar of Kikubaaqudgha.
  5211 | D:6      | Found a runed translucent door.
  5212 | D:6      | Noticed Wobbly's ghost (novice OpAK)
  5589 | D:6      | Killed Wobbly's ghost
  5589 | D:6      | Reached skill level 6 in Axes
  5589 | D:6      | Reached XP level 9. HP: 41/69 MP: 11/11
  5757 | D:7      | Found a stormy altar of Qazlal.
  5760 | D:7      | Found a blossoming altar of Fedhas.
  6012 | D:7      | Noticed a cyclops
  6028 | D:7      | Killed a cyclops
  6029 | D:7      | Found a shattered altar of Ashenzari.
  6493 | D:7      | Found Gusmilia's Jewellery Shoppe.
  6734 | D:8      | Noticed Pikel
  6739 | D:8      | Killed Pikel
  6739 | D:8      | Reached skill level 7 in Axes
  6783 | D:8      | Noticed Harold
  6815 | D:8      | Killed Harold
  6815 | D:8      | Reached skill level 5 in Invocations
  6815 | D:8      | Reached XP level 10. HP: 14/77 MP: 13/13
  7127 | D:8      | Reached skill level 8 in Axes
  7173 | D:8      | Found an opulent altar of Gozag.
  7256 | D:8      | Noticed a kobold demonologist
  7279 | D:8      | Gained mutation: You are frail. (-10% HP) [a neqoxec]
  7280 | D:8      | Killed a kobold demonologist
  7283 | D:8      | Lost mutation: You are frail. (-10% HP) [potion of
                  | mutation]
  7283 | D:8      | Gained mutation: Your system is resistant to poisons.
                  | (rPois) [potion of mutation]
  7283 | D:8      | Gained mutation: You have sharp toenails. [potion of
                  | mutation]
  7303 | D:8      | Reached skill level 5 in Dodging
  7470 | D:8      | Noticed a two-headed hydra
  7475 | D:8      | Killed a one-headed hydra
  7519 | D:8      | Found Sima Qul's Food Boutique.
  7531 | D:8      | Reached XP level 11. HP: 84/84 MP: 15/15
  7596 | D:8      | Found a sparkling altar of Nemelex Xobeh.
  7606 | D:8      | Found a deep blue altar of Sif Muna.
  7629 | D:8      | Found a glowing silver altar of Zin.
  7644 | D:8      | Found an iron altar of Okawaru.
  7825 | D:9      | Reached skill level 9 in Axes
  7902 | D:9      | Reached ***** piety under Uskayaw
  8085 | D:9      | Found a white marble altar of Elyvilon.
  8347 | D:10     | Entered Level 10 of the Dungeon
  8347 | D:10     | Noticed Urug
  8348 | D:10     | Found a blossoming altar of Fedhas.
  8357 | D:10     | Killed Urug
  8634 | D:10     | Noticed a two-headed ogre
  8639 | D:10     | Killed a two-headed ogre
  8995 | D:10     | Found a staircase to the Lair.
  9156 | D:11     | Noticed a manticore
  9170 | D:11     | Killed a manticore
  9547 | D:11     | Reached ****** piety under Uskayaw
  9566 | D:11     | Identified a scroll of acquirement
  9638 | D:11     | Reached skill level 10 in Axes
  9653 | D:11     | Got a pitted battleaxe
  9654 | D:11     | Identified the +8 battleaxe "Veshodis" {flame, rPois} (You
                  | acquired it on level 11 of the Dungeon)
  9745 | D:11     | Found a staircase to the Orcish Mines.
  9750 | D:11     | Noticed a brown ugly thing
  9761 | D:11     | Killed a brown ugly thing
 10050 | D:11     | Reached XP level 12. HP: 62/93 MP: 17/17
 11152 | D:13     | Noticed a six-headed hydra
 11159 | D:13     | Killed a three-headed hydra
 11307 | D:13     | Noticed a tengu warrior
 11316 | D:13     | Killed a tengu warrior
 11507 | D:13     | Noticed an ettin
 11508 | D:13     | Identified the ring "Tixkakha" {*Drain +Inv +Fly rPois
                  | rN++}
 11508 | D:13     | Noticed a centaur warrior
 11510 | D:13     | Noticed a fire dragon
 11513 | D:13     | Identified the ring "Cuevill" {rElec rPois rC+}
 11517 | D:13     | Noticed a centaur warrior
 11519 | D:13     | Killed a centaur warrior
 11520 | D:13     | HP: 1/94 [ettin/+0 dire flail (33)]
 11523 | D:13     | Annihilated by an ettin

Skill      XL: |  1  2  3  4  5  6  7  8  9 10 11 12 |
---------------+-------------------------------------+-----
Shields        | 4 5 6 7 8 9 |  9.9
Dodging        | 1 2 3 4 5 6 |  6.8
Axes           | 3 4 5 6 7 8 10 | 10.9
Fighting       | 4 5 6 7 8 9 |  9.0
Armour         | 4 5 6 7 8 9 |  9.0
Invocations    | 1 3 5 6 7 8 |  8.4

Action                   |  1- 3 |  4- 6 |  7- 9 | 10-12 || total
-------------------------+-------+-------+-------+-------++-------
Melee: War axe           |    90 |    85 |       |       ||   175
       Hand axe          |       |    86 |   259 |   290 ||   635
       Kick              |       |       |       |   116 ||   116
       Battleaxe         |       |       |       |   121 ||   121
  Use: Potion            |       |     2 |     4 |     3 ||     9
       Scroll            |       |       |     9 |     5 ||    14
 Stab: Paralysed         |       |       |    17 |    52 ||    69
       Invisible         |       |       |     1 |       ||     1
  Eat: Chunk             |       |     8 |    11 |    16 ||    35
Armor: Scale mail        |    43 |    65 |    60 |    57 ||   225
Dodge: Dodged            |    45 |    46 |    60 |   137 ||   288
Block: Shield            |    44 |    91 |   125 |   216 ||   476
